 Dungeon Crawl Stone Soup version 0.30-a0-779-g7971cf19c3 (webtiles) character file.

Game seed: 8803335665919410778

194 DskReedErrur the Vexing (level 5, -1/31 HPs)
             Began as a Demonspawn Enchanter on Feb 17, 2023.
             Was a Follower of Hepliaklqana.
             Succumbed to an adder's poison
             ... on level 3 of the Dungeon.
             The game lasted 00:32:07 (2546 turns).

DskReedErrur the Vexing (Demonspawn Enchanter)      Turns: 2546, Time: 00:32:07

Health: -1/31      AC:  2    Str: 11    XL:     5   Next: 44%
Magic:  5/9        EV: 12    Int: 16    God:    Hepliaklqana [*.....]
Gold:   129        SH:  4    Dex: 13    Spells: 5/10 levels left

rFire   . . .      SeeInvis .    k - +0 club (spect)
rCold   . . .      Faith    .    (no shield)
rNeg    . . .      Spirit   .    b - +0 robe
rPois   .          Reflect  .    (helmet restricted)
rElec   .          Harm     .    (no cloak)
rCorr   .          Rampage  .    (no gloves)
Will    .....                    (no boots)
Stlth   ++                       (no amulet)
HPRegen 0.25/turn                (no ring)
MPRegen 0.11/turn                (no ring)

@: lethally poisoned (-1 -> -11)
A: reduced essence, horns 1, large bone plates 1
a: Renounce Religion, Recall Ancestor, Ancestor Identity


You were on level 3 of the Dungeon.
You worshipped Hepliaklqana.
Hepliaklqana was aware of your devotion.
You visited 1 branch of the dungeon, and saw 3 of its levels.

You collected 129 gold pieces.

Inventory:

Hand Weapons
 a - a +1 dagger
 g - a +0 trident
 k - a +0 spectral club (weapon)
Armour
 b - a +0 robe (worn)
Jewellery
 e - a +4 ring of protection
 l - a ring of protection from cold
Scrolls
 d - a scroll of fog {unknown}
 f - a scroll of immolation {unknown}
 i - 2 scrolls of teleportation {unknown}
 m - 2 scrolls of fear {unknown}
Potions
 c - a potion of magic {unknown}
 h - 2 potions of heal wounds {unknown}
 n - a potion of haste {unknown}
 o - a potion of resistance {unknown}
 p - a potion of mutation {unknown}


   Skills:
 - Level 0.8 Short Blades
 - Level 2.5 Dodging
 - Level 3.5 Stealth
 * Level 3.1 Spellcasting
 * Level 4.5 Hexes


You had 5 spell levels left.
You knew the following spells:

 Your Spells              Type           Power      Damage    Failure   Level
a - Ensorcelled Hibernat  Hex/Ice        18%        N/A       11%         2
b - Tukima's Dance        Hex            17%        N/A       9%          3

Your spell library contained the following spells:

 Spells                   Type           Power      Damage    Failure   Level
 Confusing Touch          Hex            17%        N/A       9%          3
 Dazzling Flash           Conj/Hex       18%        N/A       22%         3
 Cause Fear               Hex            8%         N/A       28%         4
 Dragon Form              Tmut           1%         N/A       100%        7
 Dragon's Call            Summ           1%         N/A       100%        9


Dungeon Overview and Level Annotations

Branches:
Dungeon (3/15)

Altars:
Hepliaklqana

Shops:
D:1 :


Innate Abilities, Weirdness & Mutations

Your life essence is reduced to manifest your ancestor. (-10% HP)
You have a pair of small horns on your head.
You are partially covered in large bone plates. (SH +4)


Message History

You block the adder's attack.
A kobold comes into view. It is wielding a +0 short sword.
Hodor completely misses the adder.
The adder bites you.
You barely miss the orc.
Your +0 spectral club hits the orc.
The orc priest miscasts a cantrip.
The orc hits you with a +0 mace.
Your +0 falchion hits the orc priest but does no damage.
You block the adder's attack.
Hodor completely misses the adder.
The orc hits you with a +0 mace.
You barely miss the orc. You headbutt the orc.
You kill the orc!
The adder bites you.
* * * LOW HITPOINT WARNING * * *
Hodor hits the adder.
The adder barely misses you.
You hit the orc priest but do no damage.
Your +0 spectral club hits the orc priest but does no damage.
The adder bites you.
* * * LOW HITPOINT WARNING * * *
You are lethally poisoned!
The adder poisons you!
Hodor hits the adder.
The orc priest hits you but does no damage.
The adder bites you.
* * * LOW HITPOINT WARNING * * *
You are more poisoned.
The adder poisons you!
Hodor hits the adder.
The adder dies!
Okay, then.
The orc priest attacks as you move away!
The orc priest hits you but does no damage.
* * * LOW HITPOINT WARNING * * *
You feel very sick.
Your +0 falchion hits the orc priest.
Hodor hits the orc priest but does no damage.
Casting: Tukima's Dance (quite dangerous; 9% risk of failure)
Confirm with . or Enter, or press ? or * to list all spells.
Aiming: Ensorcelled Hibernation (safe; 11% risk of failure)
Press: ? - help, Shift-Dir - straight line, f/p - orc priest
Aim: an orc priest, wearing a +0 chain mail (lightly wounded, ally target, chance to affect: 43%)
The orc priest resists with some effort.
You die...

#......## #........
#......# #..!...#
#......## ####.(K.....
#.........# #...o)....#
#..@R.....# #.....(..^#
#######...........
#######.<............###
........#######.<...##
######### #######


You could see the friendly Hodor the ancestor, an orc priest (ally target), a
kobold and a friendly +0 falchion.

Vanquished Creatures
  Jessica (D:2)
  Natasha (thrice) (D:2)
  Terence (D:2)
  Robin (D:2)
  2 orcs (D:3)
  7 endoplasms
  2 giant cockroaches (D:1)
  10 goblins
  4 hobgoblins
  A kobold (D:1)
  4 quokkas
  3 ball pythons
  A frilled lizard (D:2)
  5 rats (D:2)
45 creatures vanquished.

Vanquished Creatures (collateral kills)
  An adder (D:3)
1 creature vanquished.

Grand Total: 46 creatures vanquished

Notes
Turn   | Place    | Note
-------+----------+-------------------------------------------
     0 | D:1      | DskReedErrur the Demonspawn Enchanter began the quest for
                  | the Orb.
     0 | D:1      | Reached XP level 1. HP: 13/13 MP: 3/3
   272 | D:1      | Found Aprid's Vocational Training.
   418 | D:1      | Gained mutation: You are partially covered in large bone
                  | plates. (SH +4) [demonic ancestry]
   418 | D:1      | Reached XP level 2. HP: 18/19 MP: 5/5
   504 | D:1      | Learned a level 2 spell: Ensorcelled Hibernation
   885 | D:2      | Noticed Terence
  1041 | D:2      | Noticed Robin
  1299 | D:1      | Reached XP level 3. HP: 19/24 MP: 6/6
  1370 | D:2      | Killed Robin
  1397 | D:2      | Noticed Natasha
  1405 | D:2      | Killed Natasha
  1505 | D:2      | Learned a level 3 spell: Tukima's Dance
  1576 | D:2      | Gained mutation: You have a pair of small horns on your
                  | head. [demonic ancestry]
  1576 | D:2      | Reached XP level 4. HP: 25/30 MP: 7/7
  1666 | D:2      | Noticed Jessica
  1680 | D:2      | Killed Jessica
  1681 | D:2      | Reached skill level 4 in Hexes
  1950 | D:2      | Killed Terence
  2135 | D:2      | Noticed Natasha
  2139 | D:2      | Killed Natasha
  2140 | D:2      | Reached XP level 5. HP: 33/35 MP: 9/9
  2187 | D:2      | Found a faded altar of an unknown god.
  2222 | D:2      | Prayed at the altar of an unknown god.
  2222 | D:2      | Became a worshipper of Hepliaklqana the Forgotten
  2222 | D:2      | Reached * piety under Hepliaklqana
  2325 | D:2      | Noticed Natasha
  2334 | D:2      | Killed Natasha
  2546 | D:3      | Succumbed to an adder's poison

Illustrated notes

Levels and vault maps discovered:
D:1:      dpeg_arrival_orchard, layout_basic, nicolae_shop_vocational
D:2:      layout_basic, hellmonk_ecumenical_altar_crossroads,
          minmay_pentomino_s2, uniq_jessica, uniq_robin, uniq_natasha,
          uniq_terence
D:3:      layout_rooms, serial_shops, nicolae_shop_hallway_plus,
          kennysheep_generic_room_16

Skill      XL: |  1  2  3  4  5 |
---------------+----------------+-----
Stealth        | 3 |  3.5
Dodging        | 2 |  2.5
Hexes          | 4 |  4.5
Spellcasting   | 3 |  3.1
Short Blades   | |  0.8

Action                     |  1- 3 |  4- 6 || total
---------------------------+-------+-------++-------
  Melee: Dagger            |   112 |     1 ||   113
         Punch             |     2 |       ||     2
         Club              |       |    30 ||    30
         Headbutt          |       |     9 ||     9
         Trident           |       |     8 ||     8
   Cast: Ensorcelled Hiber |     5 |     5 ||    10
         Tukima's Dance    |       |     1 ||     1
 Invoke: Ancestor Identity |       |     1 ||     1
  Evoke: Wand              |       |     5 ||     5
    Use: Potion            |     5 |     3 ||     8
   Stab: Sleeping          |     7 |     5 ||    12
 Armour: Robe              |    11 |     3 ||    14
  Dodge: Dodged            |    61 |    20 ||    81
  Block: Other             |    18 |     6 ||    24

Table legend: (Time is in decaauts)
 A = Elapsed time spent in this place.
 B = Non-inter-level travel time spent in this place.
 C = Inter-level travel time spent in this place.
 D = Time resting spent in this place.
 E = Time spent auto-exploring this place.
 F = Levels seen in this place.
 G = Mean time per level.
                   A        B        C        D        E       F      G
               +--------+--------+--------+--------+--------+-----+--------+
         Total |   2553 |   2447 |    106 |    443 |   1339 |   3 |  851.0 |
       Dungeon |   2553 |   2447 |    106 |    443 |   1339 |   3 |  851.0 |
               +--------+--------+--------+--------+--------+-----+--------+

Top non-repeatable levels by time:
     D:2: 1337 daAuts
     D:1: 1196 daAuts
     D:3: 19 daAuts
